 Dungeon Crawl Stone Soup version 0.29.1-1-gd02db6906a (webtiles) character file.

Game seed: 2201936700275995548

118542 Decritt7 the Severer (level 16, -8/154 HPs)
             Began as a Minotaur Fighter on Oct 3, 2022.
             Was the Champion of the Shining One.
             Blown up by a sun moth (26 damage)
             ... with a bolt of energy
             ... on level 4 of the Spider Nest.
             The game lasted 00:40:35 (27000 turns).

Decritt7 the Severer (Minotaur Fighter)            Turns: 27000, Time: 00:40:36

Health: -8/154     AC: 24    Str: 26    XL:     16   Next: 25%
Magic:  21/21      EV: 12    Int:  5    God:    the Shining One [******]
Gold:   1060       SH: 12    Dex: 13    Spells: 15/15 levels left

rFire   + . .      SeeInvis .   G - +6 broad axe (venom)
rCold   . . .      Faith    .   a - +1 kite shield {reflect}
rNeg    + + +      Spirit   .   c - +2 plate armour {rPois}
rPois   +          Reflect  +   (helmet restricted)
rElec   .          Harm     .   k - +0 cloak
rCorr   +          Rampage  .   J - +2 pair of gloves
Will    ++...                   (no boots)
Stlth   ..........              (no amulet)
HPRegen 0.35/turn               b - ring of protection from fire
MPRegen 0.17/turn               i - ring of Ylut Hui {Will+ rCorr}

@: glowing
A: horns 2, retaliatory headbutt
a: Renounce Religion, Divine Shield, Cleansing Flame, Summon Divine Warrior,
Brand Weapon With Holy Wrath


You were on level 4 of the Spider Nest.
You worshipped the Shining One.
The Shining One was exalted by your worship.
You visited 4 branches of the dungeon, and saw 21 of its levels.

You collected 1512 gold pieces.
You spent 452 gold pieces at shops.

Inventory:

Hand Weapons
 u - the +8 frozen axe "Frostbite" {freezing cloud, *Noise Fly rC+}
   (You found it on level 5 of the Dungeon)

   It freezes those it strikes, dealing additional cold damage.
   It can also slow down cold-blooded creatures.
   It occasionally leaves clouds of freezing vapour upon striking a foe.
   It grants immunity to clouds of freezing vapour.
   rC:        It protects you from cold.
   Fly:       It grants you flight.
   *Noise:    It may make noises in combat.
 C - a +3 war axe of electrocution
 G - a +6 broad axe of venom (weapon)
Armour
 a - a +1 kite shield of reflection (worn)
 c - a +2 plate armour of poison resistance (worn)
 k - a +0 cloak (worn)
 B - a +2 cloak of poison resistance
 H - the +4 ring mail of the Four Inviting Mice {Will++ Str-4 Slay+5}
   (You found it on level 2 of the Lair of Beasts)

   Str:       It affects your strength (-4).
   Slay:      It affects your accuracy & damage with ranged weapons and melee
   (+5).
   Will:      It greatly increases your willpower.
 J - a +2 pair of gloves (worn)
Jewellery
 b - a ring of protection from fire (left hand)
 g - a ring of flight
 i - the ring of Ylut Hui (right hand) {Will+ rCorr}
   (You found it on level 2 of the Dungeon)

   [ring of resist corrosion]

   rCorr:     It protects you from acid and corrosion.
   Will:      It increases your willpower.
 y - a +6 ring of strength
 L - a ring of see invisible
Wands
 n - a wand of polymorph (9)
 p - a wand of acid (14)
 v - a wand of paralysis (31)
 w - a wand of roots (6)
 x - a wand of flame (3)
Scrolls
 d - 2 scrolls of magic mapping
 e - 3 scrolls of immolation
 l - a scroll of fear
 o - 4 scrolls of teleportation
 q - 4 scrolls of brand weapon
 r - 4 scrolls of identify
 F - a scroll of enchant armour
 K - a scroll of blinking
Potions
 f - a potion of ambrosia
 h - a potion of lignification
 j - 5 potions of magic
 s - 2 potions of flight
 z - 5 potions of curing
 A - 2 potions of cancellation
 E - 3 potions of mutation
 I - a potion of haste


   Skills:
 * Level 16.9 Fighting
 + Level 18.9 Axes
 + Level 15.3 Armour
 + Level 13.7 Dodging
 + Level 9.6 Shields
 + Level 8.6 Invocations


You had 15 spell levels left.
You didn't know any spells.
Your spell library contained the following spells:

 Spells                   Type           Power      Damage    Failure   Level
 Blink                    Tloc           0%         N/A       100%        2
 Static Discharge         Conj/Air       0%         3-3/arc   100%        2
 Gell's Gravitas          Tloc           0%         N/A       100%        3
 Lesser Beckoning         Tloc           0%         N/A       100%        3
 Ozocubu's Armour         Ice            0%         N/A       100%        3
 Portal Projectile        Hex/Tloc       0%         N/A       100%        3
 Teleport Other           Tloc           0%         N/A       100%        3
 Tukima's Dance           Hex            0%         N/A       100%        3
 Dispel Undead            Necr           0%         3d6       100%        4
 Sticky Flame             Conj/Fire      0%         2d3       100%        4
 Blade Hands              Tmut           0%         N/A       100%        5
 Manifold Assault         Tloc           0%         N/A       100%        5
 Metabolic Englaciation   Hex/Ice        0%         N/A       100%        5
 Simulacrum               Ice/Necr       0%         N/A       100%        6
 Storm Form               Tmut/Air       0%         N/A       100%        7


Dungeon Overview and Level Annotations

Branches:
Dungeon (11/15)            Temple (1/1) D:5            Lair (5/5) D:8
 Shoals (0/4) Lair:2       Spider (4/4) Lair:3        Slime (0/5) Lair:4
    Orc (0/2) D:11

Altars:
Cheibriados
Dithmenos
Kikubaaqudgha
Makhleb
Trog
Uskayaw
Vehumet
Wu Jian
Xom
Yredelemnul
The Shining One
Jiyva

Shops:
D:4 (*!   D:5 [*   D:6 *   D:10 *   D:11 :

Annotations:
D:10 2 transporters
D:11 2 transporters, VikingTomi89's ghost, journeyman MiBe


Innate Abilities, Weirdness & Mutations

You have a pair of horns on your head.
You reflexively headbutt those who attack you in melee.


Message History

You headbutt the sun moth! The orb of destruction hits you!!!
You barely miss the sun moth.
The sun moth is lightly wounded.
The sun moth barely misses you.
You hit the sun moth.
The sun moth is poisoned.
You headbutt the sun moth.
The sun moth is lightly wounded.
The orb spider weaves a glowing orb of energy.
You block the sun moth's attack.
An orb of destruction comes into view.
You slice the sun moth!!
The sun moth looks as sick as possible!
The sun moth is heavily wounded.
The sun moth bites you but does no damage.
The orb spider weaves a glowing orb of energy.
An orb of destruction comes into view.
You slash the sun moth!
The sun moth looks as sick as possible!
The sun moth is severely wounded.
You hit the culicivora.
The culicivora is poisoned.
The culicivora bites you but does no damage.
The orb spider spins a strand of pure energy.
The sun moth barely misses you. You furiously retaliate!
You headbutt the sun moth, but do no damage.
The orb of destruction hits you!!
* * * LOW HITPOINT WARNING * * *
You block the culicivora's attack. The orb of destruction hits you!!!
* * * LOW HITPOINT WARNING * * *
The sun moth throws energy at you. The bolt of energy misses you.
The culicivora attacks as you move away!
The culicivora bites you but does no damage.
The orb spider weaves a glowing orb of energy. x2
The culicivora barely misses you. 2 orbs of destruction come into view.
There is a stone staircase leading up, spattered with blood here.
The culicivora closely misses you. You furiously retaliate!
You headbutt the culicivora!
The orb of destruction hits a rock wall.
The sun moth throws energy at you. The bolt of energy hits you!!
You die...

.#### ....# .
..?.#^...# .###
....#....#.....#
#........#.....#
###..#...#^#.....
#..............#
#....#...(..#
###......○s.#
#....@#°###
##...sy..^#...
##...○○......
##...s*....^
#....s^#..##....#..#
##.......^.. .#....#
#........^. ......#
#......####.##.....#
##.~≈##..)#.......^.#


You could see a sun moth (extremely poisoned), 3 orb spiders and a culicivora
(very poisoned).

Vanquished Creatures
  Donald (Spider:1)
  A ghost moth (Lair:3)
  4 emperor scorpions
  A broodmother (Spider:2)
  5 entropy weavers
  Snorg (Lair:4)
  A fire dragon (Lair:3)
  Josephine (Spider:1)
  8 boulder beetles
  5 hydras
  6 radroaches
  A centaur warrior (D:10)
  A jorogumo (Spider:4)
  A catoblepas (Lair:3)
  14 spriggans (Lair:5)
  Nergalle (D:10)
  2 sun moths
  3 pharaoh ants
  9 orb spiders
  A lindwurm (Lair:5)
  6 steelbarb worms
  A cyclops (D:11)
  30 wolf spiders
  12 elephants
  A moth of wrath (Spider:1)
  3 black mambas
  11 cane toads
  2 gargoyles (D:11)
  7 torpor snails
  12 demonic crawlers
  11 komodo dragons
  16 tarantellas
  8 meliai
  4 polar bears
  7 hornets
  Grinder (D:3)
  15 dream sheep
  26 culicivoras
  30 jumping spiders
  Sigmund (D:3)
  8 wyverns
  7 wraiths
  2 basilisks
  A steam dragon (D:9)
  26 yaks
  42 redbacks
  Grum (D:8)
  2 vampire mosquitoes (D:10)
  4 acid dragons
  13 water moccasins
  9 black bears
  An ice beast (D:7)
  6 orc warriors
  3 sky beasts
  2 ogres (D:6)
  4 boggarts (Lair:5)
  37 wolves
  5 centaurs
  3 phantoms (D:6)
  2 kobold brigands
  Blork the orc (D:5)
  2 gnoll sergeants
  11 bullfrogs
  A necrophage (D:6)
  8 wights (D:7)
  28 killer bees
  3 howler monkeys
  An electric eel (D:10)
  A crimson imp (D:6)
  4 jellies
  5 orc priests
  Crazy Yiuf (D:5)
  3 gnoll boudas
  3 iguanas
  Terence (D:2)
  14 hell rats
  11 orc wizards
  Natasha (thrice) (D:2)
  Robin (D:2)
  18 gnolls
  10 adders
  9 river rats (Lair:1)
  2 shadow imps
  6 white imps
  4 ufetubi
  3 worms
  2 dart slugs
  33 orcs
  9 endoplasms
  3 giant cockroaches
  10 hobgoblins
  6 jackals
  12 kobolds
  A quokka (D:5)
  5 ball pythons
  4 bats
  3 frilled lizards
  13 goblins
  5 rats
  2 bushes (Lair:5)
711 creatures vanquished.

Vanquished Creatures (collateral kills)
  Prince Ribbit (D:5)
  An ufetubus (D:5)
2 creatures vanquished.

Vanquished Creatures (others)
  A torpor snail (Spider:3)
  A meliai (Spider:1)
  A demonic plant (D:5)
  32 fungi
  43 plants
78 creatures vanquished.

Grand Total: 791 creatures vanquished

Notes
Turn   | Place    | Note
-------+----------+-------------------------------------------
     0 | D:1      | Decritt7 the Minotaur Fighter began the quest for the Orb.
     0 | D:1      | Reached XP level 1. HP: 19/19 MP: 0/0
   329 | D:2      | Found a shimmering altar of Xom.
   361 | D:2      | Noticed Terence
   372 | D:2      | Killed Terence
   373 | D:2      | Reached skill level 3 in Axes
   373 | D:2      | Reached XP level 2. HP: 13/27 MP: 1/1
   373 | D:2      | Reached XP level 3. HP: 16/33 MP: 2/2
   528 | D:2      | Noticed Robin
   547 | D:2      | Reached skill level 1 in Dodging
   548 | D:2      | Killed Robin
   795 | D:2      | Reached XP level 4. HP: 36/41 MP: 3/3
   943 | D:2      | Noticed Natasha
   947 | D:2      | Killed Natasha
  1043 | D:2      | Identified the ring of Ylut Hui {Will+ rCorr}
  1098 | D:2      | Noticed Natasha
  1110 | D:2      | Killed Natasha
  1233 | D:2      | Noticed Natasha
  1244 | D:2      | Killed Natasha
  1245 | D:2      | Reached skill level 4 in Axes
  1245 | D:2      | Reached XP level 5. HP: 28/47 MP: 4/4
  1419 | D:2      | Reached skill level 5 in Fighting
  1774 | D:3      | Noticed Sigmund
  1806 | D:3      | Killed Sigmund
  1807 | D:3      | Reached XP level 6. HP: 22/56 MP: 5/5
  2159 | D:3      | Identified the +2 sling of Fear {vorpal, *Slow +Blink rN++
                  | Str+4}
  2313 | D:3      | Found an ornate altar of the Wu Jian Council.
  2542 | D:3      | Noticed Grinder
  2559 | D:3      | Killed Grinder
  2560 | D:3      | Reached skill level 5 in Axes
  2560 | D:3      | Reached skill level 5 in Armour
  2560 | D:3      | Reached skill level 5 in Shields
  2560 | D:3      | Reached XP level 7. HP: 53/63 MP: 6/6
  2965 | D:4      | Found Plog's Distillery.
  3263 | D:4      | Found Qaoden's Weapon Emporium.
  3273 | D:4      | Reached skill level 6 in Axes
  3653 | D:4      | Found Moussoj's Antique Weapon Shoppe.
  3687 | D:4      | Found Leciteme's Assorted Antiques.
  3695 | D:4      | Bought a runed war axe for 188 gold pieces
  3843 | D:5      | Entered Level 5 of the Dungeon
  3843 | D:5      | Noticed Blork the orc
  3850 | D:5      | Killed Blork the orc
  3854 | D:5      | Reached XP level 8. HP: 18/73 MP: 7/7
  4105 | D:5      | Found the +8 frozen axe "Frostbite" {freezing cloud, *Noise
                  | Fly rC+}
  4133 | D:5      | Found a bloodstained altar of Trog.
  4143 | D:5      | Found Icyanil's Elemental Accessories.
  4245 | D:5      | Found a staircase to the Ecumenical Temple.
  4257 | Temple   | Entered the Ecumenical Temple
  4298 | Temple   | Became a worshipper of the Shining One
  4347 | D:5      | Noticed Prince Ribbit
  4356 | D:5      | Killed Prince Ribbit
  4357 | D:5      | Reached skill level 7 in Axes
  4568 | D:5      | Found Siukki's Antique Armour Emporium.
  5148 | D:5      | Found a runed translucent door.
  5151 | D:5      | Noticed Crazy Yiuf
  5154 | D:5      | Killed Crazy Yiuf
  5258 | D:6      | Reached skill level 8 in Axes
  5259 | D:6      | Reached XP level 9. HP: 81/82 MP: 8/8
  5332 | D:6      | Reached skill level 5 in Dodging
  5378 | D:6      | Found a shadowy altar of Dithmenos.
  5405 | D:6      | Reached * piety under the Shining One
  5424 | D:6      | Found Sexikod's Gadget Gallery.
  5715 | D:6      | Reached skill level 9 in Axes
  5819 | D:6      | Found a burning altar of Makhleb.
  5820 | D:6      | Reached ** piety under the Shining One
  5821 | D:6      | Found a radiant altar of Vehumet.
  6073 | D:7      | Reached skill level 1 in Invocations
  6138 | D:7      | Reached skill level 10 in Fighting
  6339 | D:5      | Bought a slimy scale mail for 171 gold pieces
  6339 | D:5      | Identified the +0 scale mail of Repulsion {rN+ Int+2} (You
                  | bought it in a shop on level 5 of the Dungeon)
  6409 | D:7      | Found a hide-covered altar of Uskayaw.
  6411 | D:7      | Found a snail-covered altar of Cheibriados.
  6411 | D:7      | Found an ancient bone altar of Kikubaaqudgha.
  6518 | D:7      | Found a basalt altar of Yredelemnul.
  6566 | D:7      | Reached XP level 10. HP: 93/93 MP: 10/10
  6780 | D:7      | You are sucked into a shaft and drop 1 floor!
  7153 | D:8      | Found a staircase to the Lair.
  7197 | D:8      | Reached skill level 10 in Axes
  7574 | D:8      | Noticed Grum
  7579 | D:8      | Killed Grum
  8456 | D:9      | Reached *** piety under the Shining One
  9314 | D:10     | Entered Level 10 of the Dungeon
  9317 | D:10     | Noticed Nergalle
  9323 | D:10     | Killed Nergalle
  9324 | D:10     | Reached XP level 11. HP: 100/102 MP: 12/12
  9325 | D:10     | Reached skill level 11 in Axes
  9410 | D:10     | Found Xodwont's Assorted Antiques.
  9427 | D:10     | Bought a potion of curing for 93 gold pieces
  9461 | D:10     | Noticed a centaur warrior
  9469 | D:10     | Killed a centaur warrior
  9688 | D:10     | Found a transporter.
  9695 | D:10     | Noticed an orc sorcerer
  9701 | D:10     | Noticed an orc sorcerer
  9707 | D:10     | Found a transporter.
  9748 | D:10     | Identified the +2 helmet of Divine Lucidity {Rampage}
  9977 | D:10     | Reached **** piety under the Shining One
 10360 | D:10     | Reached skill level 15 in Axes
 10360 | D:10     | Reached XP level 12. HP: 110/110 MP: 13/13
 10404 | D:11     | Found a transporter.
 10406 | D:11     | Noticed a two-headed ogre
 10407 | D:11     | Noticed a tengu warrior
 10408 | D:11     | Noticed VikingTomi89's ghost (journeyman MiBe)
 10412 | D:11     | Found a transporter.
 10416 | D:11     | Found a bloodstained altar of Trog.
 10664 | D:11     | Found a staircase to the Orcish Mines.
 10838 | D:11     | Reached skill level 10 in Armour
 10860 | D:11     | Noticed a two-headed ogre
 11079 | D:11     | Found Oropyi's Book Shoppe.
 11312 | Lair:1   | Entered Level 1 of the Lair of Beasts
 11337 | Lair:1   | Noticed a boulder beetle
 11343 | Lair:1   | Killed a boulder beetle
 11708 | Lair:1   | Noticed a boulder beetle
 11715 | Lair:1   | Killed a boulder beetle
 12372 | Lair:2   | Identified the +4 ring mail of the Four Inviting Mice
                  | {Will++ Str-4 Slay+5}
 12823 | Lair:2   | Found a staircase to the Shoals.
 13394 | Lair:3   | Noticed a catoblepas
 13394 | Lair:3   | Found a hole to the Spider Nest.
 13399 | Lair:3   | Killed a catoblepas
 13400 | Lair:3   | Reached XP level 13. HP: 119/119 MP: 15/15
 13424 | Lair:3   | Reached ***** piety under the Shining One
 13473 | Lair:3   | Reached skill level 5 in Invocations
 13503 | Lair:3   | Reached skill level 16 in Axes
 13621 | Lair:3   | Reached skill level 10 in Dodging
 13885 | Lair:3   | Noticed a fire dragon
 13893 | Lair:3   | Killed a fire dragon
 14978 | Lair:4   | Found a staircase to the Slime Pits.
 14978 | Lair:4   | Found a viscous altar of Jiyva.
 15176 | Lair:4   | Noticed Snorg
 15184 | Lair:4   | Killed Snorg
 15970 | Lair:5   | Entered Level 5 of the Lair of Beasts
 16399 | Lair:5   | Reached XP level 14. HP: 41/132 MP: 17/17
 16632 | Lair:5   | Reached skill level 17 in Axes
 17733 | Spider:1 | Entered Level 1 of the Spider Nest
 17733 | Spider:1 | Noticed Donald
 17737 | Spider:1 | Reached ****** piety under the Shining One
 17740 | Spider:1 | Noticed Josephine
 17742 | Spider:1 | Killed Donald
 17752 | Spider:1 | Killed Josephine
 17761 | Spider:1 | The Shining One protects you from harm!
 18528 | Lair:3   | HP: 6/133 [entropy weaver (9)]
 18528 | Lair:3   | HP: 1/133 [redback (5)]
 18902 | Spider:1 | Reached skill level 15 in Fighting
 20081 | Spider:1 | Noticed a ghost moth
 20095 | Lair:3   | Killed a ghost moth
 20700 | Spider:1 | Reached XP level 15. HP: 119/141 MP: 19/19
 21074 | Spider:1 | Reached skill level 18 in Axes
 22042 | Spider:2 | Noticed an emperor scorpion
 22058 | Spider:2 | Killed an emperor scorpion
 24150 | Spider:4 | Entered Level 4 of the Spider Nest
 24188 | Spider:4 | Reached skill level 15 in Armour
 24380 | Spider:4 | Noticed an emperor scorpion
 24394 | Spider:4 | Killed an emperor scorpion
 24437 | Spider:4 | Noticed an emperor scorpion
 24464 | Spider:4 | HP: 3/145 [boulder beetle[a torpor snail] (20)]
 24477 | Spider:4 | Reached XP level 16. HP: 33/152 MP: 21/21
 27000 | Spider:4 | Blown up by a sun moth

Illustrated notes

Levels and vault maps discovered:
D:1:      minmay_arrival_arboretum_small, layout_basic,
          shapermc_ecumenical_altar_petra
D:2:      layout_basic, basic_altar, minivault_25, uniq_terence, uniq_robin,
          uniq_natasha
D:3:      minmay_bubble_buster, layout_loops_ring,
          mainiacjoe_overflow_boulevard, minmay_crystal_room,
          grunt_ministairs_13, minmay_misc_feat_secret_circle, uniq_sigmund,
          uniq_grinder
D:4:      layout_loops_cross, serial_shops, shop, shop, nicolae_shop_stone,
          nicolae_lakefront_shop
D:5:      kennysheep_big_flooded_room, layout_cave_pools, bloody_trog,
          minmay_temple_entry_grid, serial_demonic, serial_demonic_e,
          serial_demonic_g, serial_demonic_f, serial_demonic_g,
          serial_demonic_b, serial_shops, shop, nicolae_elemental_shop,
          uniq_prince_ribbit1, uniq_crazy_yiuf_cottage, uniq_blork_the_orc
D:6:      minmay_thinvault, layout_rooms,
          grunt_temple_overflow_lords_of_destruction, overflow_temple_1_default,
          nicolae_shop_gadgets
D:7:      layout_basic, chequers_temple_overflow_statue_of_worship,
          old_standard_altar
D:8:      layout_loops_ring, lair_entry_dummy, serial_park_tiny_pond, uniq_grum
D:9:      layout_basic
D:10:     gammafunk_wand_slinger, layout_basic, serial_corexii_hall,
          corexii_hall_statues_x, corexii_hall_statues_l, serial_shops, shop,
          uniq_nergalle
D:11:     layout_irregular_city, david_orc_2, gammafunk_ghost_wrathful_warriors,
          serial_shops, shop, minivault_19
Temple:   nicolae_temple_figure_eight
Lair:1:   layout_cave_pods, kennysheep_rathole
Lair:2:   layout_long_grid, minmay_shoals_entry_centaurs,
          nicolae_volcano_entry_hallway, dreamdust_gnoll_shepherd,
          grunt_megastairs_5, infiniplex_staircase_pool
Lair:3:   dragon1_lemuel, layout_gridlike, spider_nest_entry_web_field,
          hangedman_lair_generics_rect
Lair:4:   layout_small_grid, slime_entry_1, grunt_megastairs_1, uniq_snorg
Lair:5:   minmay_lair_end_enchanted_forest, layout_loops_ring, st_stairs_11,
          lemuel_fruit_fields
Spider:1: cheibrodos_spider_silkery, drop_trap, guppyfry_hornet_nest,
          uniq_josephine, uniq_donald
Spider:2: layout_spider_delve
Spider:3: layout_cave_pods
Spider:4: grunt_spider_rune_circles, worms_lemuel

Skill      XL: |  1  2  3  4  5  6  7  8  9 10 11 12 13 14 15 |
---------------+----------------------------------------------+-----
Fighting       | 4 5 6 7 8 10 11 12 14 15 16 | 16.9
Axes           | 3 4 5 6 8 9 10 15 16 17 18 | 18.9
Dodging        | 1 2 3 4 6 7 8 9 11 12 13 | 13.7
Shields        | 4 5 6 7 9 |  9.6
Armour         | 4 5 6 7 9 11 12 14 15 | 15.3
Invocations    | 1 3 4 6 7 8 |  8.6

Action                   |  1- 3 |  4- 6 |  7- 9 | 10-12 | 13-15 | 16-18 || total
-------------------------+-------+-------+-------+-------+-------+-------++-------
Melee: War axe           |    44 |   101 |    63 |       |       |       ||   208
       Headbutt          |     7 |    17 |    29 |    27 |   193 |    34 ||   307
       Executioner's axe |       |       |   110 |   218 |   290 |       ||   618
       Broad axe         |       |       |       |       |   360 |    96 ||   456
Throw: Boomerang         |       |    40 |    10 |       |       |       ||    50
Invok: Divine Shield     |       |       |       |       |     3 |       ||     3
  Use: Potion            |     3 |     1 |       |     1 |    12 |     3 ||    20
       Scroll            |       |       |    11 |    13 |    10 |     8 ||    42
Armor: Scale mail        |    25 |    27 |   102 |    29 |       |       ||   183
       Plate armour      |       |       |       |    93 |   251 |   214 ||   558
       Ring mail         |       |       |       |    11 |   197 |       ||   208
Dodge: Dodged            |    16 |    46 |   140 |   162 |   418 |   154 ||   936
Block: Buckler           |    12 |    15 |    10 |       |       |       ||    37
       Kite shield       |       |       |       |       |   251 |   135 ||   386
       Other             |       |       |       |       |    28 |       ||    28
       Reflection        |       |       |       |       |     1 |       ||     1
